 Dungeon Crawl Stone Soup version 0.30-a0-591-g3c58d2bc28 (webtiles) character file.

Game seed: 11963499541424415861

5 OTABOTABOTAB the Insei (level 1, -1/17 HPs)
             Began as a Gnoll Transmuter on Jan 5, 2023.
             Slain by a gnoll
             ... wielding a +0 flail
              (11 damage)
             ... on level 1 of the Dungeon.
             The game lasted 00:00:29 (113 turns).

OTABOTABOTAB the Insei (Gnoll Transmuter)            Turns: 113, Time: 00:00:30

Health: -1/17      AC:  2    Str:  9    XL:     1   Next: 80%
Magic:  6/6        EV: 13    Int: 12    God:
Gold:   12         SH:  0    Dex: 12    Spells: 8/9 levels left

rFire   . . .      SeeInvis .    b - +1 dagger (freeze)
rCold   . . .      Faith    .    (no shield)
rNeg    . . .      Spirit   .    a - +0 robe
rPois   .          Reflect  .    (helmet currently unavailable)
rElec   .          Harm     .    (no cloak)
rCorr   .          Rampage  .    (no gloves)
Will    .....                    (boots currently unavailable)
Stlth   +                        (no amulet)
HPRegen 0.22/turn                (no ring)
MPRegen 0.10/turn                (no ring)

@: appendages (expiring)
A: horns 2, talons 2, fangs 1, strong nose, distributed training
a: End Transformation


You were on level 1 of the Dungeon.
You had temporarily grown beastly horns and talons.
You visited 1 branch of the dungeon, and saw 1 of its levels.

You collected 12 gold pieces.

Inventory:

Hand Weapons
 b - a +1 dagger of freezing (weapon)
   (You took it off a kobold on level 1 of the Dungeon)
Armour
 a - a +0 robe (worn)
Scrolls
 c - a scroll of magic mapping {unknown}
Potions
 P - a potion of lignification {!q}


   Skills:
 + Level 2.4 Fighting
 + Level 0.1 Short Blades
 + Level 0.1 Long Blades
 + Level 0.1 Axes
 + Level 0.1 Maces & Flails
 + Level 0.1 Polearms
 + Level 0.1 Staves
 + Level 0.1 Ranged Weapons
 + Level 0.1 Throwing
 + Level 0.1 Armour
 + Level 4.4 Dodging
 + Level 0.1 Stealth
 + Level 0.1 Shields
 + Level 6.4 Unarmed Combat
 + Level 4.9 Spellcasting
 + Level 0.1 Conjurations
 + Level 0.1 Hexes
 + Level 0.1 Summonings
 + Level 0.1 Necromancy
 + Level 0.1 Translocations
 + Level 3.6 Transmutations
 + Level 0.1 Fire Magic
 + Level 0.1 Ice Magic
 + Level 0.1 Air Magic
 + Level 0.1 Earth Magic
 + Level 0.1 Poison Magic
 + Level 0.2 Invocations
 + Level 0.1 Evocations


You had 8 spell levels left.
You knew the following spells:

 Your Spells              Type           Power      Damage    Failure   Level
a - Beastly Appendage     Tmut           22%        N/A       4%          1

Your spell library contained the following spells:

 Spells                   Type           Power      Damage    Failure   Level
 Wereblood                Tmut           11%        N/A       7%          2
 Spider Form              Tmut/Pois      7%         N/A       28%         3
 Ice Form                 Ice/Tmut       7%         N/A       67%         4


Dungeon Overview and Level Annotations

Branches:
Dungeon (1/15)

Altars:

Shops:
D:1 =


Innate Abilities, Weirdness & Mutations

You have temporarily grown beastly horns and talons.
You have very sharp teeth.
Your uncanny sense of smell can sniff out nearby items.
Your experience applies equally to all skills.


Message History

Ran out of altars for temple! x2
Bad channel name for runrest: 'Jiyva says: Divide and consume' Welcome, OTABOTABOTAB the Gnoll Transmuter.
They say the Orb of Zot lies within this dungeon, but they say a lot of things.
Found a staircase leading out of the dungeon.
A goblin comes into view. It is wielding a +0 club.
The goblin shouts!
A kobold comes into view. It is wielding a +1 dagger of freezing.
The goblin moves out of view.
A kobold is nearby!
You grow a pair of large bovine horns.
Your feet morph into talons.
The kobold shouts!
You now have 5/6 mp.
A kobold comes into view. It is wielding a +0 dagger.
The kobold shouts!
The kobold throws a stone.
The stone hits you.
You take 1 damage, and have 16/17 hp.
The kobold closely misses you.
You hit the kobold.
You kill the kobold!
Unknown command.
The goblin closely misses you. The kobold closely misses you.
Things that are here:
a +1 dagger of freezing; 3 stones; a kobold corpse You hit the kobold.
You kill the kobold!
The goblin hits you but does no damage.
Health restored: 17 You closely miss the goblin.
You claw the goblin. You headbutt the goblin.
You kill the goblin!
Unknown command.
No target in view!
No target in view!
b - a +1 dagger of freezing Your +1 dagger of freezing glows with a cold blue light!
b - a +1 dagger of freezing (weapon)
MP restored: 6
s - 3 stones (quivered)
You see here a kobold corpse.
Your transformation is almost over.
You now have 12 gold pieces.
Your horns disappear.
Your talons disappear.
An endoplasm comes into view.
The endoplasm quivers.
You grow a pair of large bovine horns.
Your feet morph into talons.
You now have 5/6 mp.
You throw a stone.
The stone hits the endoplasm but does no damage.
You hit the endoplasm. You freeze the endoplasm.
The endoplasm barely misses you.
Unknown command.
You hit the endoplasm. You freeze the endoplasm.
You kill the endoplasm!
No target in view!
No target in view!
Your horns disappear.
Your talons disappear.
Found a stone staircase leading down.
MP restored: 6
Found Vyxesehoet's Jewellery Emporium.
c - a scroll labelled TUCEVV NIZOIHI A goblin comes into view.
It is wielding a +0 dagger.
A goblin is nearby!
You throw a stone. The stone hits the goblin.
The goblin shouts!
You hear a shout! x2
A gnoll comes into view. It is wielding a +0 flail.
You throw a stone. The stone barely misses the goblin.
Found a stone staircase leading down.
You grow a pair of large bovine horns.
Your feet morph into talons.
You now have 5/6 mp.
You miss the goblin. You claw the goblin. The goblin hits you with a +0 dagger.
You take 1 damage, and have 16/17 hp.
You closely miss the goblin. Your kick misses the goblin.
The goblin misses you.
You barely miss the goblin. Your headbutt misses the goblin.
Your bite misses the goblin. The goblin hits you with a +0 dagger.
You take 2 damage, and have 14/17 hp.
You barely miss the goblin. The goblin hits you with a +0 dagger.
You take 2 damage, and have 12/17 hp.
You barely miss the goblin. Your kick misses the goblin.
The goblin hits you with a +0 dagger.
You take 2 damage, and have 10/17 hp.
You are too injured to fight recklessly!
You are too injured to fight recklessly!
You closely miss the goblin. Your headbutt misses the goblin.
The goblin barely misses you.
MP restored: 6 You barely miss the goblin.
Your kick misses the goblin. The goblin barely misses you.
You barely miss the goblin. You claw the goblin, but do no damage.
You bite the goblin.
You kill the goblin!
Your transformation is almost over.
You hit the gnoll but do no damage. Your kick misses the gnoll.
Your bite misses the gnoll. The gnoll hits you with a +0 flail!
Ouch! That really hurt!
You die...

####≈≈≈..#.# #..≈≈≈≈≈...##
##..≈≈∩~≈....> ...≈≈.≈≈..#..
#..~.~...#.#.#.#
#.......g#.#...##
#.......g#.##...# ∆
#........#.##.>.# #
#........#@##...# .
#........#g##...# .#
#........#.##)..###.#
#...................# .
#......######.......#.#
..#.#..#))# #....#..#
#.......#†#######.....#
#.#.#...#.............#######
#....####......##...........#


You could see a gnoll.

Vanquished Creatures
  An endoplasm (D:1)
  2 goblins (D:1)
  2 kobolds (D:1)
5 creatures vanquished.

Notes
Turn   | Place    | Note
-------+----------+-------------------------------------------
     0 | D:1      | OTABOTABOTAB the Gnoll Transmuter began the quest for the
                  | Orb.
     0 | D:1      | Reached XP level 1. HP: 17/17 MP: 6/6
    84 | D:1      | Found Vyxesehoet's Jewellery Emporium.
   113 | D:1      | Slain by a gnoll

Illustrated notes

Levels and vault maps discovered:
D:1:      erik_arrival_blinker_ship, layout_basic, serial_shops,
          nicolae_shop_waterfront, nicolae_figureground_sparkle

Action                   || total
-------------------------++-------
Melee: Dagger            ||    11
       Unarmed           ||     3
       Kick              ||     3
       Headbutt          ||     1
       Bite              ||     1
Throw: Stone             ||     3
 Cast: Beastly Appendage ||     3
 Abil: End Transformatio ||     1
Armor: Robe              ||     1
Dodge: Dodged            ||     7

Table legend: (Time is in decaauts)
 A = Elapsed time spent in this place.
 B = Non-inter-level travel time spent in this place.
 C = Inter-level travel time spent in this place.
 D = Time resting spent in this place.
 E = Time spent auto-exploring this place.
 F = Levels seen in this place.
 G = Mean time per level.
                   A        B        C        D        E       F      G
               +--------+--------+--------+--------+--------+-----+--------+
         Total |    112 |    112 |      0 |      0 |     69 |   1 |  112.0 |
       Dungeon |    112 |    112 |      0 |      0 |     69 |   1 |  112.0 |
               +--------+--------+--------+--------+--------+-----+--------+

Top non-repeatable levels by time:
     D:1: 112 daAuts

Table legend:
 A = Kills in this place as a percentage of kills in entire the game.
 B = Kills by you in this place as a percentage of kills by you in the entire game.
 C = Kills by friends in this place as a percentage of kills by friends in the entire game.
 D = Other kills in this place as a percentage of other kills in the entire game.
 E = Experience gained in this place as a percentage of experience gained in the entire game.
 F = Experience gained in this place divided by the number of levels of this place that you have seen.
                   A       B       C       D       E      F
               +-------+-------+-------+-------+-------+----------------------
         Total | 100.0 | 100.0 |   N/A |   N/A | 100.0 |   8.0
       Dungeon | 100.0 | 100.0 |   N/A |   N/A | 100.0 |   8.0
               +-------+-------+-------+-------+-------+----------------------
